 Dungeon Crawl Stone Soup version 0.31-a0-1074-g0b22e4e0f1 (webtiles) character file.

Game seed: 1092059580343523875

1360 kae the Vexing (level 8, -9/58 HPs)
             Began as a Demonspawn Enchanter on Nov 26, 2023.
             Was a Follower of Dithmenos.
             Mangled by Maggie
             ... wielding a +0 war axe
              (10 damage)
             ... on level 6 of the Dungeon.
             The game lasted 00:07:48 (6224 turns).

kae the Vexing (Demonspawn Enchanter)               Turns: 6224, Time: 00:07:48

Health: -9/58      AC:  3    Str:  9    XL:     8   Next: 37%
Magic:  22/22      EV: 18    Int: 19    God:    Dithmenos [*.....]
Gold:   258        SH:  0    Dex: 13    Spells: 6/14 levels left

rFire   . . .        a - +2 dagger
rCold   . . .        (no shield)
rNeg    . . .        b - +0 robe
rPois   .            (no helmet)
rElec   .            i - +0 cloak
rCorr   .            (gloves unavailable)
SInv    .            (no boots)
Will    .....        A - amulet of the acrobat
Stlth   +++          W - ring of magical power
HPRegen 0.29/turn    Z - ring of wizardry
MPRegen 0.18/turn

%: acrobat, wizardry (x1)
@: agile, wreathed by umbra
A: claws 3, powered by pain 1, sturdy frame 2
a: Renounce Religion


You were on level 6 of the Dungeon.
You worshipped Dithmenos.
Dithmenos was aware of your devotion.
You visited 2 branches of the dungeon, and saw 7 of its levels.
You also visited: Sewer.

You collected 258 gold pieces.


Innate Abilities, Weirdness & Mutations

You have claws for hands.
You sometimes gain a little power by taking damage.
Your movements are less encumbered by armour. (ER -4)


   Skills:
 + Level 3.2 Fighting
 * Level 4.4 Short Blades
 + Level 3.4 Dodging
 + Level 4.4 Stealth
 + Level 3.5 Spellcasting
 + Level 4.4 Hexes
 * Level 4.0 Ice Magic


You had 6 spell levels left.
You knew the following spells:

 Your Spells              Type           Power      Damage    Failure   Level
a - Ensorcelled Hibernat  Hex/Ice        38%        N/A       1%          2
b - Confusing Touch       Hex            20%        N/A       2%          3
c - Tukima's Dance        Hex            20%        N/A       2%          3

Your spell library contained the following spells:

 Spells                   Type           Power      Damage    Failure   Level
 Necrotise                Necr           12%        1d4       6%          1
 Summon Small Mammal      Summ           12%        N/A       6%          1
 Dazzling Flash           Conj/Hex       22%        N/A       7%          3
 Inner Flame              Hex/Fire       11%        N/A       7%          3
 Summon Guardian Golem    Hex/Summ       11%        N/A       7%          3
 Passwall                 Tmut/Erth      2%         N/A       9%          2
 Static Discharge         Conj/Air       6%         3-4/arc   9%          2
 Call Canine Familiar     Summ           3%         N/A       17%         3
 Swiftness                Air            3%         N/A       17%         3
 Vampiric Draining        Necr           3%         2d6       17%         3
 Dimensional Bullseye     Hex/Tloc       5%         N/A       22%         4
 Airstrike                Air            1%         2d(1-17)  47%         4
 Iskenderun's Mystic Bla  Conj/Tloc      3%         2d3       47%         4
 Summon Lightning Spire   Summ/Air       3%         N/A       47%         4
 Yara's Violent Unravell  Hex/Tmut       5%         3d4       52%         5
 Agony                    Necr           3%         N/A       82%         5
 Enfeeble                 Hex            10%        N/A       99%         7

Inventory:

Hand Weapons
 a - a +2 dagger (weapon)
Missiles
 d - 51 stones
 h - 10 poisoned darts
 n - 2 javelins
Armour
 b - a +0 robe (worn)
 i - a +0 cloak (worn)
   (You found it on level 2 of the Dungeon)
Magical Staves
 j - a staff of poison {!a}
   (You found it on level 3 of the Dungeon)
Jewellery
 f - a ring of fire
   (You found it on level 6 of the Dungeon)
 A - an amulet of the acrobat (around neck)
   (You found it on level 3 of the Dungeon)
 F - a ring of fire
   (You found it on level 5 of the Dungeon)
 R - a ring of resist corrosion
   (You found it on level 5 of the Dungeon)
 W - a ring of magical power (left claw)
   (You found it on level 3 of the Dungeon)
 Z - a ring of wizardry (right claw)
   (You took it off a hobgoblin on level 3 of the Dungeon)
Scrolls
 l - a scroll of vulnerability {!r!r}
 u - 2 scrolls of immolation {!r!r}
Potions
 c - a potion of invisibility
 e - a potion of mutation {!q}
 g - a potion of cancellation {unknown}
 k - a potion of berserk rage {!q}
 m - 2 potions of heal wounds {@q2}
 o - a potion of haste {@q3}
 p - 2 potions of brilliance {unknown}
 q - a potion of might
 r - a potion of lignification {unknown}
 s - a potion of curing {@q1}
 t - a potion of ambrosia

Dungeon Overview and Level Annotations

Branches:
Dungeon (6/15) Zot: 26449  Temple (1/1) D:4 Zot: 5979   Sewer (visited)

Altars:
Ashenzari
Cheibriados
Dithmenos
Fedhas
Gozag
Kikubaaqudgha
Makhleb
Nemelex Xobeh
Qazlal
Ru
Sif Muna
Uskayaw
Vehumet
Xom
Yredelemnul

Annotations:
D:6 3 runed translucent doors, Maggie .## ####.....# ....####)+...... ?!+. ..@...)####y.. ##+### #.......### #.....# #...##..."## .Ss..# #.. #.....## SsS..

... ##.##..##SsS
###
#@##...######..
#@##..........#
#......#.#######
#..#.####.#
......# ##.#
.......# #..#
#...... ## #.##
#...... #.#
###...... ##.#
#. ..#.# #..#


You could see Maggie (confused) and a killer bee.


Message History

The orc attacks as it pursues you! The orc misses you.
The orc attacks as it pursues you! The orc misses you.
The orc attacks as it pursues you! The orc misses you. ๐Ÿ˜ฎ HP[+1]
You hit the orc.
The orc hits you with a +0 flail. ๐Ÿ˜ฎ HP[-1]
You take 1 damage, and now have 35/58 hp.
You closely miss the orc. The orc closely misses you.
You hit the orc.
You kill the orc!
Dithmenos accepts your kill.
Maggie mumbles some strange words.
Maggie attempts to bespell you!
You are mesmerised by Maggie! ๐Ÿ˜ฎ HP[+1]
You cannot move away from Maggie!
You cannot move away from Maggie!
You completely miss the orc.
The orc hits you with a +0 short sword. ๐Ÿ˜ฎ HP[-2]
You take 2 damage, and now have 34/58 hp.
You completely miss the orc. The orc closely misses you.
Maggie casts a spell.
Maggie draws you further into her thrall.
You hit the orc.
You kill the orc!
Dithmenos accepts your kill. ๐Ÿ˜ฎ HP[+1]
You hit the orc. You claw the orc.
You kill the orc!
Dithmenos accepts your kill.
Casting: Ensorcelled Hibernation (safe; 1% risk of failure)
Confirm with . or Enter, or press ? or * to list all spells.
Aiming: Ensorcelled Hibernation (safe; 1% risk of failure)
Press: ? - help, Shift-Dir - straight line, f - Maggie
Aim: Maggie, wielding a +0 war axe and wearing +0 steam dragon scales (mesmerising, chance to affect: 51%)
You miscast Ensorcelled Hibernation.
You are very lightly contaminated with residual magic.
Nothing appears to happen. ๐Ÿ˜ฎ MP[-2]
You lost 2 mp, and now have 20/22 mp.
Casting: Ensorcelled Hibernation (safe; 1% risk of failure)
Confirm with . or Enter, or press ? or * to list all spells.
Aiming: Ensorcelled Hibernation (safe; 1% risk of failure)
Press: ? - help, Shift-Dir - straight line, f/p - Maggie
Aim: Maggie, wielding a +0 war axe and wearing +0 steam dragon scales (mesmerising, umbra, chance to affect: 51%) Maggie looks drowsy...
The killer bee buzzes angrily.
You are no longer entranced.
You hear an angry buzzing noise. x2 ๐Ÿ˜ฎ MP[-2]
You lost 2 mp, and now have 18/22 mp.
Unknown command.
Casting: Ensorcelled Hibernation (safe; 1% risk of failure)
Confirm with . or Enter, or press ? or * to list all spells.
You can't see any susceptible monsters within range! (Use Z to cast anyway.)
The helpless Maggie fails to defend herself.
You impale Maggie!!
Maggie mumbles some strange words.
Maggie attempts to bespell you!
You resist. ๐Ÿ˜ฎ HP[+1] Unknown command.
Casting: Ensorcelled Hibernation (safe; 1% risk of failure)
Confirm with . or Enter, or press ? or * to list all spells.
Your claws begin to glow red.
Maggie misses you. Maggie hits you with a +0 war axe!
* * * LOW HITPOINT WARNING * * *
๐Ÿ˜จ HP[-7] MP[-3]
You take 7 damage, and now have 29/58 hp.
You lost 3 mp, and now have 15/22 mp.
Unknown command.
You hit Maggie but do no damage. Maggie hits you with a +0 war axe!
* * * LOW HITPOINT WARNING * * *
You focus on the pain.
You feel your power returning. ๐Ÿ˜ฑ HP[-16] MP[+7]
You take 16 damage, and now have 13/58 hp.
MASSIVE DAMAGE!! (PAUSE)
Your mp is fully restored (22).
You hit Maggie but do no damage.
Maggie appears confused.
Maggie closely misses you. ๐Ÿ˜ฑ HP[+1]
You hit Maggie.
Unknown command.
You hit Maggie but do no damage. You claw Maggie, but do no damage.
Your magical contamination has completely faded away.
You barely miss Maggie.
The killer bee buzzes angrily.
You hear an angry buzzing noise.
Maggie closely misses you.
You hit Maggie but do no damage.
Maggie hits herself with a +0 war axe! ๐Ÿ˜จ HP[+1] Unknown command.
You hit Maggie. You barely miss Maggie. Maggie hits you with a +0 war axe!
* * * LOW HITPOINT WARNING * * *
You focus on the pain.
You feel agile all of a sudden. ๐Ÿ˜ฑ HP[-14]
You take 14 damage, and now have 1/58 hp.
MASSIVE DAMAGE!! (PAUSE)
You hit Maggie but do no damage. Maggie hits you with a +0 war axe!
You die...

Skill      XL: |  1  2  3  4  5  6  7  8 |
---------------+-------------------------+-----
Short Blades   | 1 2 3 4 |  4.4
Dodging        | 2 3 |  3.4
Fighting       | 1 2 3 |  3.2
Stealth        | 3 4 |  4.4
Ice Magic      | 1 2 3 4 |  4.0
Spellcasting   | 3 |  3.5
Hexes          | 4 |  4.4

Action                     |  1- 3 |  4- 6 |  7- 9 || total
---------------------------+-------+-------+-------++-------
  Melee: Dagger            |   128 |   299 |   104 ||   531
         Punch             |       |     3 |     2 ||     5
   Cast: Ensorcelled Hiber |    11 |    50 |    15 ||    76
         Confusing Touch   |       |       |     5 ||     5
    Use: Scroll            |     3 |    10 |     3 ||    16
         Potion            |       |     3 |       ||     3
   Stab: Sleeping          |    14 |    37 |    12 ||    63
         Invisible         |       |     2 |       ||     2
         Distracted        |       |     1 |       ||     1
         Confused          |       |       |     1 ||     1
 Armour: Robe              |    82 |   176 |    65 ||   323
  Dodge: Dodged            |    84 |   268 |    71 ||   423

Levels and vault maps discovered:
D:1:      matt_arrival_los_fun, layout_loops_ring, minmay_crystal_water,
          chequers_serial_rivers_micro_d, chequers_avenue
D:2:      layout_rooms, kennysheep_generic_room_12
D:3:      layout_basic, lightli_sewer_entry_pipes, grunt_decor_mini_mirrors,
          grunt_ministairs_2, minmay_misc_feat_pillars
D:4:      layout_gridville, minmay_temple_entry_drinking_statues
D:5:      layout_rooms, nicolae_underground_beach
D:6:      layout_rooms, fedhas_altar_3, minmay_guarded_unrand_staff_of_olgreb,
          uniq_maggie, uniq_blork_the_orc, uniq_menkaure
Temple:   eino_temple_rhombus

Notes
Turn   | Place    | Note
-------+----------+-------------------------------------------
     0 | D:1      | kae the Demonspawn Enchanter began the quest for the Orb.
     0 | D:1      | Reached XP level 1. HP: 13/13 MP: 3/3
     0 | D:1      | magus.rc [v1.11.3]
    56 | D:1      | Reached skill level 1 in Short Blades
   111 | D:1      | Gained mutation: You have sharp fingernails. [demonic
                  | ancestry]
   111 | D:1      | Reached XP level 2. HP: 19/19 MP: 5/5
   141 | D:1      | Learned a level 2 spell: Ensorcelled Hibernation
   948 | D:1      | HP: 2/20 [worm (10)]
  1036 | D:1      | Reached skill level 2 in Dodging
  1172 | D:2      | Reached skill level 1 in Fighting
  1172 | D:2      | Gained mutation: You have very sharp fingernails. [demonic
                  | ancestry]
  1172 | D:2      | Reached XP level 3. HP: 26/26 MP: 6/6
  1204 | D:1      | Reached skill level 3 in Stealth
  1206 | D:1      | HP: 5/26 [hobgoblin (2)]
  1605 | D:2      | You pick up a book of Weapons and begin reading...
  1605 | D:2      | You add the spells Dimensional Bullseye and Iskenderun's
                  | Mystic Blast to your library.
  1774 | D:3      | Gained mutation: Your movements are slightly less
                  | encumbered by armour. (ER -2) [demonic ancestry]
  1774 | D:3      | Reached XP level 4. HP: 32/32 MP: 7/7
  1779 | D:3      | Reached skill level 1 in Ice Magic
  1782 | D:3      | You pick up a book of Necromancy and begin reading...
  1782 | D:3      | You add the spells Necrotise, Vampiric Draining and Agony
                  | to your library.
  1814 | D:3      | You pick up a book of Misfortune and begin reading...
  1814 | D:3      | You add the spells Inner Flame, Yara's Violent Unravelling
                  | and Enfeeble to your library.
  1833 | D:3      | Reached skill level 2 in Short Blades
  1895 | D:3      | You pick up a book of Callings and begin reading...
  1895 | D:3      | You add the spells Summon Small Mammal, Call Canine
                  | Familiar and Summon Guardian Golem to your library.
  1958 | D:3      | You pick up a book of Storms and begin reading...
  1958 | D:3      | You add the spells Static Discharge, Airstrike and Summon
                  | Lightning Spire to your library.
  2178 | D:3      | Gained mutation: You have claws for hands. [demonic
                  | ancestry]
  2178 | D:3      | Reached XP level 5. HP: 33/37 MP: 4/8
  2266 | D:3      | HP: 9/37 [river rat (2)]
  2268 | D:3      | HP: 3/37 [river rat (7)]
  2288 | D:3      | Found a glowing drain.
  2297 | Sewer    | Entered a sewer
  2460 | Sewer    | HP: 9/37 [frilled lizard (2)]
  2751 | Sewer    | Found a viscous altar of Jiyva.
  2757 | Sewer    | Reached skill level 2 in Ice Magic
  2853 | Sewer    | Gained mutation: You sometimes gain a little power by
                  | taking damage. [demonic ancestry]
  2853 | Sewer    | Reached XP level 6. HP: 20/44 MP: 4/9
  3452 | D:3      | You pick up a book of Burglary and begin reading...
  3452 | D:3      | You add the spells Passwall and Swiftness to your library.
  3836 | D:3      | HP: 9/44 [hound (5)]
  3837 | D:3      | HP: 4/44 [hound (5)]
  3838 | D:3      | HP: 1/44 [hound (3)]
  4062 | D:3      | Reached skill level 2 in Fighting
  4072 | D:4      | Reached skill level 3 in Short Blades
  4123 | D:4      | Found a staircase to the Ecumenical Temple.
  4144 | Temple   | Entered the Ecumenical Temple
  4154 | Temple   | Became a worshipper of Dithmenos the Shadowed
  4926 | D:5      | Entered Level 5 of the Dungeon
  4934 | D:5      | Learned a level 3 spell: Confusing Touch
  4938 | D:5      | Learned a level 3 spell: Tukima's Dance
  4951 | D:5      | Noticed a water moccasin
  4965 | D:5      | Killed a water moccasin
  4966 | D:5      | Reached XP level 7. HP: 31/50 MP: 11/11
  5073 | D:5      | Reached skill level 3 in Spellcasting
  5226 | D:5      | Reached skill level 3 in Ice Magic
  5350 | D:5      | Reached skill level 4 in Stealth
  5350 | D:5      | Reached skill level 4 in Hexes
  5511 | D:5      | Reached skill level 3 in Dodging
  5664 | D:6      | Noticed Maggie
  5664 | D:6      | Found a blossoming altar of Fedhas.
  5678 | D:5      | HP: 9/51 [white imp/puff of frost (12)]
  5679 | D:5      | HP: 1/51 [white imp/puff of frost (9)]
  5875 | D:6      | Noticed Blork the orc
  5892 | D:6      | Reached skill level 4 in Short Blades
  5892 | D:6      | Gained mutation: Your movements are less encumbered by
                  | armour. (ER -4) [demonic ancestry]
  5892 | D:6      | Reached XP level 8. HP: 28/57 MP: 12/12
  5908 | D:6      | Reached skill level 3 in Fighting
  5998 | D:6      | Noticed Menkaure
  6007 | D:6      | Killed Menkaure
  6026 | D:6      | Killed Blork the orc
  6062 | D:6      | Reached * piety under Dithmenos
  6063 | D:6      | Reached skill level 4 in Ice Magic
  6178 | D:6      | Found a runed translucent gate.
  6179 | D:6      | Found a runed translucent gate.
  6180 | D:6      | Found the +9 staff of Olgreb {rPoisโˆž}
  6185 | D:6      | Found a runed translucent door.
  6216 | D:6      | HP: 13/58 [Maggie/+0 war axe (16)]
  6223 | D:6      | HP: 1/58 [Maggie/+0 war axe (14)]
  6224 | D:6      | Mangled by Maggie

Vanquished Creatures
  Menkaure (D:6)
  2 water moccasins (D:5)
  A black bear (D:5)
  An ogre (D:6)
  Blork the orc (D:6)
  A bullfrog (D:5)
  2 scorpions (D:5)
  A howler monkey (D:6)
  2 jellies
  2 orc priests (D:3)
  4 hounds
  An iguana (D:5)
  An orc wizard (D:3)
  2 river rats (D:3)
  13 adders
  A white imp (D:5)
  6 worms
  3 dart slugs
  12 orcs
  8 bats
  13 endoplasms
  7 giant cockroaches
  6 goblins
  9 hobgoblins
  5 jackals
  3 kobolds
  5 quokkas
  8 ball pythons
  10 frilled lizards
  11 rats
142 creatures vanquished.

Table legend:
 A = Non-vault XP
 B = Vault XP
 C = Vault XP percentage of total XP
 D = Non-vault monster count
 E = Vault monster count
 F = Vault count percentage of total count
                 A         B        C        D         E       F
            +---------+---------+-------+---------+---------+-------
      Total |    1443 |     501 |  25.8 |      99 |      43 |  30.3
            +---------+---------+-------+---------+---------+-------
        D:1 |      56 |       0 |   0.0 |      22 |       0 |   0.0
        D:2 |      35 |       2 |   5.4 |      12 |       1 |   7.7
        D:3 |     216 |      95 |  30.5 |      24 |      13 |  35.1
        D:4 |      34 |       0 |   0.0 |      18 |       0 |   0.0
        D:5 |     835 |       0 |   0.0 |      14 |       0 |   0.0
        D:6 |     267 |     268 |  50.1 |       9 |       2 |  18.2
      Sewer |       0 |     136 | 100.0 |       0 |      27 | 100.0
            +---------+---------+-------+---------+---------+-------

Skill      XL: |  1  2  3  4  5  6  7  8 |
---------------+-------------------------+-----
Short Blades   | 1 2 3 4 |  4.4
Dodging        | 2 3 |  3.4
Fighting       | 1 2 3 |  3.2
Stealth        | 3 4 |  4.4
Ice Magic      | 1 2 3 4 |  4.0
Spellcasting   | 3 |  3.5
Hexes          | 4 |  4.4

Action                     |  1- 3 |  4- 6 |  7- 9 || total
---------------------------+-------+-------+-------++-------
  Melee: Dagger            |   128 |   299 |   104 ||   531
         Punch             |       |     3 |     2 ||     5
   Cast: Ensorcelled Hiber |    11 |    50 |    15 ||    76
         Confusing Touch   |       |       |     5 ||     5
    Use: Scroll            |     3 |    10 |     3 ||    16
         Potion            |       |     3 |       ||     3
   Stab: Sleeping          |    14 |    37 |    12 ||    63
         Invisible         |       |     2 |       ||     2
         Distracted        |       |     1 |       ||     1
         Confused          |       |       |     1 ||     1
 Armour: Robe              |    82 |   176 |    65 ||   323
  Dodge: Dodged            |    84 |   268 |    71 ||   423

Illustrated notes

Table legend:
 A = Kills in this place as a percentage of kills in the entire game.
 B = Kills by you in this place as a percentage of kills by you in the entire game.
 C = Kills by friends in this place as a percentage of kills by friends in the entire game.
 D = Other kills in this place as a percentage of other kills in the entire game.
 E = Experience gained in this place as a percentage of experience gained in the entire game.
 F = Experience gained in this place divided by the number of levels of this place that you have seen.
                   A       B       C       D       E      F
               +-------+-------+-------+-------+-------+----------------------
         Total | 100.0 | 100.0 |   N/A | 100.0 | 100.0 | 243.0
       Dungeon |  81.0 |  80.9 |   N/A | 100.0 |  93.0 | 301.3
         Sewer |  19.0 |  19.1 |   N/A |   0.0 |   7.0 | 136.0
               +-------+-------+-------+-------+-------+----------------------

Table legend: (Time is in decaauts)
 A = Elapsed time spent in this place.
 B = Non-inter-level travel time spent in this place.
 C = Inter-level travel time spent in this place.
 D = Time resting spent in this place.
 E = Time spent auto-exploring this place.
 F = Levels seen in this place.
 G = Mean time per level.
                   A        B        C        D        E       F      G
               +--------+--------+--------+--------+--------+-----+--------+
         Total |   6253 |   6065 |    188 |   1022 |   3355 |   8 |  781.6 |
       Dungeon |   5505 |   5336 |    169 |    814 |   3040 |   6 |  917.5 |
        Temple |     20 |      1 |     19 |      0 |      0 |   1 |   20.0 |
         Sewer |    726 |    726 |      0 |    208 |    315 |   1 |  726.0 |
               +--------+--------+--------+--------+--------+-----+--------+

Top non-repeatable levels by time:
     D:3: 1629 daAuts
     D:1: 1186 daAuts
     D:5: 916 daAuts
     D:4: 876 daAuts
   Sewer: 726 daAuts
     D:2: 536 daAuts
     D:6: 360 daAuts
  Temple: 20 daAuts
